 Dungeon Crawl Stone Soup version 0.24-a0-584-g9d6b971ae4 (webtiles) character file.

Game seed: 3592375612660708959, levelgen mode: deterministic

2448 Gynju the Spear-Bearer (level 9, -6/74 HPs)
             Began as a Merfolk Abyssal Knight on Sept 2, 2019.
             Was an Elder of Lugonu.
             Mangled by a yak (9 damage)
             ... on level 6 of the Dungeon.
             The game lasted 00:12:48 (7062 turns).

Gynju the Spear-Bearer (Merfolk Abyssal Knight)     Turns: 7062, Time: 00:12:49

Health: -6/74      AC:  9    Str: 15      XL:     9   Next: 49%
Magic:  14/14      EV: 15    Int: 12      God:    Lugonu [****..]
Gold:   233        SH:  0    Dex: 12 (13) Spells: 8/8 levels left

rFire    . . .     SeeInvis .   d - +1 trident (vamp)
rCold    . . .     Gourm    .   (no shield)
rNeg     . . .     Faith    +   j - +0 ring mail
rPois    .         Spirit   .   y - +2 helmet
rElec    .         Reflect  .   A - scarf {cloud immunity}
rCorr    .         Harm     .   (no gloves)
MR       .....                  (no boots)
Stlth    +.........             x - amulet of faith
HPRegen  0.22/turn              v - ring of flight
MPRegen  0.14/turn              (no ring)

@: no status effects
A: change form in water, swift swim, stealthy swim
a: Depart the Abyss, Bend Space, Banish, Corrupt, Renounce Religion, Evoke
Flight


You were on level 6 of the Dungeon.
You worshipped Lugonu.
Lugonu was greatly pleased with you.
You were not hungry.

You visited 1 branch of the dungeon, and saw 6 of its levels.
You visited the Abyss 1 time.

You collected 233 gold pieces.

Inventory:

Hand Weapons
 b - a +0 hunting sling
 d - a +1 vampiric trident (weapon)
Missiles
 h - 354 stones (quivered)
 q - 73 sling bullets
Armour
 j - a +0 ring mail (worn)
 y - a +2 helmet (worn)
 A - a scarf of cloud immunity (worn)
Jewellery
 v - a ring of flight (left hand)
 x - an amulet of faith (around neck)
Wands
 C - a wand of flame (19)
Scrolls
 a - 2 scrolls of magic mapping
 e - 2 scrolls of enchant armour
 f - a scroll of fog
 m - a scroll of remove curse
 n - 3 scrolls of identify
 z - a scroll of fear
 B - a scroll of teleportation
Potions
 g - a potion of brilliance
 k - a potion of magic {unknown}
 l - 3 potions of curing
 o - 2 potions of heal wounds {unknown}
 p - a potion of might
 r - a potion of ambrosia {unknown}
 s - a potion of agility {unknown}
 t - 4 potions of mutation {unknown}
 u - a potion of flight {unknown}
 w - 2 potions of lignification {unknown}
Comestibles
 c - 12 rations


   Skills:
 + Level 8.1 Fighting
 + Level 12.9 Polearms
 + Level 5.0 Armour
 + Level 9.2 Dodging
   Level 4.2 Shields
 + Level 7.6 Invocations
 + Level 2.2 Evocations


You had 8 spell levels left.
You didn't know any spells.
Your spell library contained the following spells:

 Spells                   Type           Power        Failure   Level  Hunger
 Summon Small Mammal      Summ           #...         52%         1    ##.....
 Call Imp                 Summ           #.......     67%         2    ###....
 Call Canine Familiar     Summ           #.......     88%         3    ####...
 Summon Guardian Golem    Hex/Summ       #.......     88%         3    ####...
 Summon Ice Beast         Ice/Summ       #.......     99%         4    #####..
 Summon Lightning Spire   Summ/Air       #.......     99%         4    #####..


Dungeon Overview and Level Annotations

Branches:
Dungeon (6/15)
 Temple: D:4-7

Altars:
Ashenzari
Kikubaaqudgha
Qazlal
Sif Muna
Xom
Zin
Beogh

Annotations:
D:6 3 runed translucent doors, hcgyg4s's ghost, novice OgTm


Message History

You kill the yak!
Lugonu accepts your kill. The yak gores you!
The orc warrior hits you with a +0 war axe!
* * * LOW HITPOINT WARNING * * *
You are too injured to fight recklessly!
You are too injured to fight recklessly!
You are too injured to fight recklessly!
You are too injured to fight recklessly!
You are too injured to fight recklessly!
You are too injured to fight recklessly!
You are too injured to fight recklessly!
You are too injured to fight recklessly!
You are too injured to fight recklessly!
You are too injured to fight recklessly!
You are too injured to fight recklessly!
The orc warrior hits you with a +0 war axe!
* * * LOW HITPOINT WARNING * * *
The yak gores you!
You die...

# ##.#
#.####.########
#.............#
######.###.##.. #.#
#.### #.###...#####
#.....#.....#
#.....#####.####
#.....# ##.@...##
#........###..YYY..##
####.....##..oso.o..#
#.....##.o.Y.o...#
########..ooo....#
#.........#
#.........#
##.......## .........


You could see 4 yaks, an orc warrior, an orc priest, 6 orcs and a giant
cockroach.

Vanquished Creatures
  A yak (D:6)
  Eustachio (D:4)
  2 orc warriors
  A phantom (D:6)
  4 ogres
  2 scorpions
  A wyvern skeleton (D:6)
  6 crimson imps
  A bullfrog zombie (D:4)
  A quasit (D:5)
  2 hounds
  3 orc priests
  A bullfrog skeleton (D:4)
  A centaur skeleton (D:4)
  Terence (D:3)
  An iguana (D:3)
  5 orc wizards
  2 worker ants
  A hound skeleton (D:5)
  3 worker ant zombies
  Robin (D:3)
  7 adders
  A shadow imp (D:5)
  3 worms
  A dart slug (D:1)
  7 leopard geckos
  21 orcs
  3 ball pythons
  5 giant cockroaches
  12 goblins
  16 hobgoblins
  A jackal (D:2)
  7 kobolds
  4 quokkas
  13 bats
  9 frilled lizards
  A jackal skeleton (D:6)
  7 rats
159 creatures vanquished.

Notes
Turn   | Place    | Note
-------+----------+-------------------------------------------
     0 | Abyss:1  | Gynju the Merfolk Abyssal Knight began the quest for the
                  | Orb.
     0 | Abyss:1  | Reached XP level 1. HP: 18/18 MP: 2/2
    38 | Abyss:1  | Found a corrupted altar of Lugonu.
   189 | Abyss:1  | Noticed a thrashing horror
   194 | D:1      | Escaped the Abyss
   539 | D:1      | Reached XP level 2. HP: 24/24 MP: 3/3
   557 | D:1      | Reached * piety under Lugonu
  1220 | D:2      | Reached XP level 3. HP: 29/29 MP: 4/4
  1258 | D:2      | Reached skill level 1 in Armour
  1260 | D:2      | Reached skill level 4 in Polearms
  1755 | D:2      | Reached XP level 4. HP: 22/37 MP: 5/5
  2575 | D:2      | Found a faded altar of an unknown god.
  2752 | D:3      | Noticed Robin
  2765 | D:3      | Reached ** piety under Lugonu
  2955 | D:3      | Killed Robin
  2955 | D:3      | Reached skill level 5 in Polearms
  2955 | D:3      | Reached XP level 5. HP: 29/42 MP: 7/7
  3568 | D:3      | Noticed Terence
  3861 | D:2      | Reached skill level 10 in Polearms
  3861 | D:2      | Reached skill level 5 in Invocations
  3861 | D:2      | Reached XP level 6. HP: 53/53 MP: 7/10
  3862 | D:2      | Reached skill level 12 in Polearms
  3862 | D:2      | Reached XP level 7. HP: 60/60 MP: 7/12
  3891 | D:3      | Killed Terence
  4059 | D:3      | Found a stormy altar of Qazlal.
  4062 | D:3      | Found a glowing silver altar of Zin.
  4063 | D:3      | Found an ancient bone altar of Kikubaaqudgha.
  4516 | D:4      | Reached XP level 8. HP: 68/68 MP: 13/13
  4611 | D:4      | Reached *** piety under Lugonu
  4679 | D:4      | Reached skill level 1 in Evocations
  5455 | D:4      | Noticed Eustachio
  5481 | D:4      | Killed Eustachio
  5526 | D:4      | Found a shattered altar of Ashenzari.
  5630 | D:5      | Entered Level 5 of the Dungeon
  5867 | D:5      | Found a shimmering altar of Xom.
  5949 | D:5      | Found a shimmering blue altar of Sif Muna.
  5968 | D:5      | Reached XP level 9. HP: 74/74 MP: 14/14
  6144 | D:5      | Reached **** piety under Lugonu
  6341 | D:6      | Reached skill level 5 in Armour
  6428 | D:6      | Noticed hcgyg4s's ghost (novice OgTm)
  6429 | D:6      | Found a runed translucent gate.
  6429 | D:6      | Found a runed translucent gate.
  6430 | D:6      | Found a roughly hewn altar of Beogh.
  6430 | D:6      | Found a runed translucent gate.
  6943 | D:6      | Identified the +3 trident "Gram" {pierce, rElec rC+++ MR+
                  | Int-4}
  7061 | D:6      | HP: 3/74 [orc warrior/+0 war axe (9)]
  7062 | D:6      | Mangled by a yak

Levels and vault maps discovered:
D:1:      evilmike_arrival_hilbert_curve, layout_basic
D:2:      minmay_razor_zed, layout_loops_ring,
          chequers_ecumenical_altar_simple_redux
D:3:      layout_loops_ring, chequers_temple_overflow_statue_of_worship,
          first_ration, uniq_robin, uniq_terence
D:4:      layout_cave_pools, nicolae_overflow_crystal_walls, uniq_eustachio
D:5:      layout_basic, old_standard_altar, led_xom_imps
D:6:      layout_rooms, biasface_ghost_orc_armoury, lightli_corner_chamber

Skill      XL: |  1  2  3  4  5  6  7  8  9 |
---------------+----------------------------+-----
Dodging        | 3 7 8 9 |  9.2
Armour         | 1 3 4 5 |  5.0
Polearms       | 4 5 10 12 | 12.9
Fighting       | 6 7 8 |  8.1
Shields        | 4 |  4.2
Invocations    | 5 7 |  7.6
Evocations     | 1 2 |  2.2

Action                   |  1- 3 |  4- 6 |  7- 9 || total
-------------------------+-------+-------+-------++-------
Melee: Spear             |   136 |   226 |     6 ||   368
       Trident           |       |       |   390 ||   390
Throw: Stone             |       |    16 |       ||    16
Invok: Depart the Abyss  |     1 |       |       ||     1
  Use: Scroll            |       |     4 |    15 ||    19
       Potion            |       |     2 |     4 ||     6
  Eat: Chunk             |     3 |     6 |    11 ||    20
Armor: Ring mail         |    41 |    39 |    88 ||   168
       Leather armour    |     2 |       |       ||     2
Dodge: Dodged            |    68 |   125 |   211 ||   404

Table legend:
 A = Non-vault XP
 B = Vault XP
 C = Vault XP percentage of total XP
 D = Non-vault monster count
 E = Vault monster count
 F = Vault count percentage of total count
                 A         B        C        D         E       F
            +---------+---------+-------+---------+---------+-------
      Total |    2393 |     519 |  17.8 |     127 |      32 |  20.1
            +---------+---------+-------+---------+---------+-------
        D:1 |      33 |       0 |   0.0 |      20 |       0 |   0.0
        D:2 |      70 |      39 |  35.8 |      18 |      14 |  43.8
        D:3 |     631 |      74 |  10.5 |      34 |      13 |  27.7
        D:4 |     471 |     208 |  30.6 |      21 |       1 |   4.5
        D:5 |     381 |     198 |  34.2 |      14 |       4 |  22.2
        D:6 |     807 |       0 |   0.0 |      20 |       0 |   0.0
            +---------+---------+-------+---------+---------+-------
